Map: Ulrena

Players

新手 - Winner!

  • Race: Terran Terran
  • League: Master

ILLBdA

  • Race: Protoss Protoss
  • League: Platinum

VOD

Have the link to the VOD?

Description

Time

  • Played on: Dec. 14, 2015, 1:48 a.m.
  • Length: 6:16
Show
View Real Time Build Order
Export as new Build Order

新手 Terran - Winner!

Build Orders: Banshee Rush 

Get SALT Encoding   

  12  0:01  SCV  
  13  0:13  SCV  
  14  0:19  Supply Depot  
  14  0:25  SCV  
  15  0:32  Refinery  
  15  0:40  SCV  
  16  0:45  Barracks  
  16  0:52  SCV  
  17  0:57  Refinery  
  17  1:04  SCV  
  18  1:16  SCV  
  19  1:32  Orbital Command  
  19  1:36  Supply Depot  
  19  1:40  Factory  
  19  1:45  Marine  
  20  1:59  SCV  
  21  2:03  Marine  
  22  2:11  SCV  
  23  2:18  Supply Depot  
  23  2:23  SCV  
  23  2:24  Widow Mine  
  23  2:26  Barracks Reactor  
  26  2:31  Starport  
  26  2:35  SCV  
  27  2:42  Supply Depot  
  27  2:47  SCV  
  28  2:53  Factory Tech Lab  
  28  3:03  Marine x2  
  28  3:05  Barracks  
  31  3:15  Cloaking Field  
  31  3:17  Factory Tech Lab  
  31  3:19  Banshee  
  33  3:23  Marine  
  33  3:24  Marine  
  33  3:26  SCV  
  36  3:33  Supply Depot  
  36  3:40  Siege Tank  
  39  3:42  SCV  
  39  3:46  Marine  
  39  3:47  Marine  
  42  3:53  Barracks Tech Lab  
  42  3:55  SCV  
  43  4:01  Raven  
  45  4:05  Supply Depot  
  45  4:07  Marine  
  46  4:10  Marine  
  46  4:14  Stimpack  
  47  4:20  Marine  
  48  4:25  Marine  
  48  4:26  SCV  
  48  4:28  Marine  
  51  4:38  SCV  
  51  4:40  Siege Tank  
  51  4:44  Marine  
  56  4:50  SCV  
  57  5:03  Marine x2  
  57  5:04  Marine  
  57  5:06  Banshee  
  60  5:19  Siege Tank  
  63  5:25  Marine x2  
  63  5:26  SCV  
  66  5:31  Marine  
  67  5:38  SCV  
  68  5:43  Marine x2  
  70  5:51  Marine  
Show
View Real Time Build Order
Export as new Build Order

ILLBdA Protoss 

Build Orders: 1 Gate Expand, Oracle Opening 

Get SALT Encoding   

  12  0:00  Probe (Chrono Boost)  
  13  0:11  Probe (Chrono Boost)  
  14  0:19  Pylon  
  14  0:23  Probe (Chrono Boost)  
  15  0:37  Probe (Chrono Boost)  
  15  0:40  Gateway  
  16  0:45  Assimilator  
  16  0:47  Probe (Chrono Boost)  
  17  0:58  Probe (Chrono Boost)  
  18  1:09  Probe (Chrono Boost)  
  19  1:19  Probe (Chrono Boost)  
  20  1:27  Nexus  
  20  1:35  Cybernetics Core  
  20  1:36  Probe (Chrono Boost)  
  21  1:47  Probe (Chrono Boost)  
  22  1:48  Assimilator  
  22  1:56  Pylon  
  22  1:58  Probe (Chrono Boost)  
  23  2:14  Mothership Core, Adept (Chrono Boost)  
  27  2:16  Warp Gate  
  27  2:25  Pylon  
  27  2:36  Probe  
  28  2:38  Stalker (Chrono Boost)  
  28  2:40  Probe  
  31  2:48  Probe  
  31  2:50  Probe  
  32  2:54  Stargate  
  33  3:00  Probe  
  33  3:01  Probe  
  35  3:09  Pylon  
  35  3:12  Probe x2 (Chrono Boost)  
  36  3:18  Pylon  
  37  3:24  Probe x2 (Chrono Boost)  
  39  3:27  Stalker  
  41  3:36  Probe (Chrono Boost)  
  41  3:37  Oracle (Chrono Boost)  
  45  3:46  Probe, Forge  
  45  3:48  Probe  
  47  3:57  Probe  
  50  4:03  Assimilator x2  
  50  4:09  Phoenix (Chrono Boost)  
  51  4:17  Probe  
  51  4:20  Gateway  
  51  4:22  Gateway  
  51  4:31  Photon Cannon  
  51  4:34  Phoenix (Chrono Boost)  
  50  4:45  Photon Cannon  
  44  4:53  Probe  
  44  4:54  Photon Cannon  
  44  4:56  Phoenix (Chrono Boost)  
  39  5:17  Adept x2, Phoenix (Chrono Boost)  
  39  5:18  Adept  
  46  5:22  Probe  
  46  5:23  Probe  
  48  5:34  Probe  
  48  5:35  Probe  
  50  5:53  Pylon  
  50  5:54  Pylon  
  49  5:59  Zealot  
  40  6:06  Zealot  
Tags
 
Add a new tag
Caveats
  • Supply blocks, unpowered buildings, or Contaminate may cause inaccurate times.
  • Supply counts are checked every 10 seconds.